 Dungeon Crawl Stone Soup version 0.16-a0-3641-g71d4c1b (webtiles) character file.

907 mdk the Cutter (level 8, -2/50 HPs)
             Began as a Kobold Artificer on Jan 28, 2015.
             Was a Follower of Pakellas.
             Slain by a giant frog zombie (4 damage)
             ... on level 6 of the Dungeon.
             The game lasted 00:10:47 (4465 turns).

mdk the Cutter (Kobold Artificer)                   Turns: 4465, Time: 00:10:47

Health: -2/50      AC: 17    Str: 10    XL:     8   Next: 29%
Magic:  12/12      EV:  4    Int: 10    God:    Pakellas [*.....]
Gold:   184        SH:  0    Dex: 18    Spells: 0 memorised, 7 levels left

rFire  . . .     SeeInvis .     a - +4 short sword (drain)
rCold  . . .     Clarity  .     g - +0 plate armour
rNeg   . . .     SustAb   .     (no shield)
rPois  .         Gourm    .     r - +1 helmet
rElec  .         Spirit   .     p - +0 cloak
rCorr  .         Warding  .     y - +1 pair of gloves
rMut   .         Stasis   .     (no boots)
MR     .....                    (no amulet)
Stlth  ..........               (no ring)
                                (no ring)

@: about to teleport, not resistant to hostile enchantments, extremely
unstealthy
A: carnivore 3
a: Minor Device Surge, Renounce Religion


You were on level 6 of the Dungeon.
You worshipped Pakellas.
Pakellas was aware of your devotion.
You were completely stuffed.

You visited 1 branch of the dungeon, and saw 6 of its levels.

You collected 184 gold pieces.

Inventory:

Hand weapons
 a - a +4 short sword of draining (weapon)
 b - a +3 dagger of venom
Missiles
 v - 16 tomahawks (quivered)
Armour
 g - a +0 plate armour (worn)
 p - a +0 cloak (worn)
 r - a +1 helmet (worn)
 y - a +1 pair of gloves (worn)
Jewellery
 t - an uncursed ring of teleportation
Magical devices
 c - a wand of enslavement (24)
 d - a wand of random effects (15)
 k - a wand of flame (31)
 w - a wand of flame (11)
Scrolls
 h - 2 scrolls of fog
 i - 2 scrolls of identify
 j - a scroll of remove curse
 l - a scroll of recharging
Potions
 e - 3 potions of curing
 m - a potion of restore abilities
 n - 2 potions of agility
 q - 3 potions of heal wounds
 u - a potion of mutation
 x - a potion of might
Comestibles
 f - 3 meat rations
 s - 2 beef jerkies
 z - a slice of pizza


   Skills:
 * Level 5.5 Fighting
 * Level 7.2 Short Blades
 * Level 3.8 Armour
 - Level 2.4 Dodging
 - Level 1.3 Stealth
 - Level 3.6 Evocations


You had 7 spell levels left.
You didn't know any spells.

Dungeon Overview and Level Annotations

Branches:
Dungeon (6/15)
 Temple: D:4-7

Altars:
Dithmenos
Elyvilon
Kikubaaqudgha
Nemelex Xobeh
Pakellas

Annotations:
D:2 Sigmund
D:5 Pikel


Innate Abilities, Weirdness & Mutations

You are small and have problems with some larger weapons.
You are carnivorous and can eat meat at any time.


Message History

The troll is moderately wounded.
The troll bites you.
* * * LOW HITPOINT WARNING * * *
The troll claws you but does no damage. x2
The centaur unwields an uncursed shortbow.
The centaur hits you.
* * * LOW HITPOINT WARNING * * *
The giant frog zombie hits you but does no damage.
Read which item? (? for menu, Esc to quit)
As you read the scroll of teleportation, it crumbles to dust.
You feel strangely unstable. The troll bites you but does no damage.
The troll claws you but does no damage. x2
The centaur hits you.
* * * LOW HITPOINT WARNING * * *
The giant frog zombie barely misses you.
The centaur wields an uncursed shortbow.
The centaur shoots an arrow.
The arrow hits you.
* * * LOW HITPOINT WARNING * * *
The giant frog zombie hits you.
You die...

....................#
.......................
.........................
.......................###
.......................#...##
.........(................P...
........(.(T............#...##
............Z...........#
...........c@.........##
.............^..##...##
..............####....##
...........######..>..##
...[..................#
.....................#
...........###...#....#
#........### #...######
###.......## #...# ###


You could see a troll, a centaur and a giant frog zombie.

Vanquished Creatures
  2 slaves (D:5)
  The ghost of lagrange the Covert, an average SpAs (D:4)
  A centaur (D:6)
  2 ogres
  A scorpion (D:5)
  A centaur zombie (D:5)
  A hound (D:6)
  2 iguanas (D:4)
  4 orc wizards (D:5)
  4 worker ants
  Ijyb (D:5)
  A worker ant zombie (D:5)
  4 adders (D:5)
  2 giant mites
  A worm (D:3)
  4 giant geckos
  2 oozes
  11 orcs
  A bat zombie (D:5)
  5 hobgoblins
  7 jackals
  9 bats
  2 giant cockroaches (D:1)
  A giant gecko skeleton (D:4)
  3 giant newts (D:1)
  13 goblins
  A jackal skeleton (D:4)
  14 kobolds
  8 rats
109 creatures vanquished.

Notes
Turn   | Place    | Note
--------------------------------------------------------------
     0 | D:1      | mdk, the Kobold Artificer, began the quest for the Orb.
     0 | D:1      | Reached XP level 1. HP: 12/12 MP: 1/1
   124 | D:1      | Reached XP level 2. HP: 13/16 MP: 3/3
   258 | D:1      | Reached XP level 3. HP: 18/21 MP: 4/4
   892 | D:2      | Found a shadowy altar of Dithmenos.
   994 | D:2      | Noticed Sigmund
  1005 | D:2      | HP: 1/22 [Sigmund/scythe (1)]
  1241 | D:3      | Reached skill level 1 in Armour
  1241 | D:3      | Reached XP level 4. HP: 8/27 MP: 6/6
  1732 | D:3      | Found an oddly glowing altar of Pakellas.
  1745 | D:3      | Became a worshipper of Pakellas the Inventive
  2281 | D:4      | Reached skill level 4 in Short Blades
  2281 | D:4      | Reached XP level 5. HP: 28/32 MP: 8/8
  2396 | D:4      | Noticed an ogre
  2402 | D:4      | Killed an ogre
  2402 | D:4      | Reached XP level 6. HP: 24/37 MP: 9/9
  2482 | D:4      | Found an ancient bone altar of Kikubaaqudgha.
  2557 | D:4      | Noticed lagrange's ghost (average SpAs)
  2604 | D:4      | Killed lagrange's ghost
  2604 | D:4      | Reached skill level 5 in Short Blades
  2733 | D:4      | Found a sparkling altar of Nemelex Xobeh.
  3043 | D:5      | Entered Level 5 of the Dungeon
  3148 | D:5      | Noticed Ijyb
  3170 | D:5      | Killed Ijyb
  3170 | D:5      | Reached XP level 7. HP: 12/43 MP: 11/11
  3220 | D:5      | Got an opalescent robe
  3297 | D:5      | Identified the +2 robe of Zugiss {+Twstr rCorr Stlth-} (You found it on level 5 of the Dungeon)
  3303 | D:5      | Noticed Pikel
  3303 | D:5      | Noticed a slave
  3303 | D:5      | Noticed a slave
  3303 | D:5      | Noticed a slave
  3304 | D:5      | Noticed a slave
  3549 | D:5      | Reached skill level 6 in Short Blades
  3611 | D:5      | Killed a slave
  3616 | D:5      | Acquired Pakellas' first power
  3620 | D:5      | Killed a slave
  3740 | D:5      | Reached skill level 5 in Fighting
  3780 | D:5      | Reached XP level 8. HP: 21/49 MP: 12/12
  4292 | D:6      | Found a white marble altar of Elyvilon.
  4343 | D:6      | Reached skill level 7 in Short Blades
  4449 | D:6      | Noticed a troll
  4465 | D:6      | HP: 2/50 [centaur/arrow (5)]
  4465 | D:6      | Slain by a giant frog zombie

Action                   |  1- 3 |  4- 6 |  7- 9 || total
-------------------------+-------+-------+-------++-------
Melee: Short sword       |   103 |   191 |    98 ||   392
       Dagger            |       |       |    53 ||    53
       Unarmed           |       |       |     1 ||     1
Throw: Tomahawk          |       |       |     1 ||     1
Evoke: Wand              |       |     4 |       ||     4
  Use: Potion            |     2 |     1 |     1 ||     4
       Scroll            |       |    12 |     5 ||    17
  Eat: Chunk             |     9 |     5 |     6 ||    20
